 Dungeon Crawl Stone Soup version 0.30-b1-2-g02819fbbbe (webtiles) character file.

Game seed: 2768691575852318215

17587 MisterFreud the Martial Artist (level 12, -3/122 HPs)
             Began as a Black Draconian Transmuter on May 11, 2023.
             Was a Follower of Yredelemnul.
             Slain by a slime creature (5 damage)
             ... on level 12 of the Dungeon.
             The game lasted 00:21:54 (14927 turns).

MisterFreud the Martial Artist (DrTm)              Turns: 14927, Time: 00:21:56

Health: -3/122     AC:  8    Str: 14    XL:     12   Next: 20%
Magic:  18/18      EV: 12    Int: 20    God:    Yredelemnul [*.....]
Gold:   814        SH:  0    Dex: 15    Spells: 5/19 levels left

rFire   . .          .
                       - Unarmed
rCold   + + +        (shield currently unavailable)
rNeg    . . .        (body armour unavailable)
rPois   +            (helmet currently unavailable)
rElec   .            g - melded scarf {repulsion}
rCorr   .            (gloves currently unavailable)
SInv    .            u - melded +1 pair of boots {rampage}
Will    ++...        i - amulet "Qesa" {RegenMP *Corrode Will++ Str+2 Int+4}
Stlth   +            p - ring of protection from fire
HPRegen 0.40/turn    (no ring)
MPRegen 0.56/turn

%: corrode self (3%)
@: ice-form
A: freezing attack, amphibious, boosted hp, (breathe lightning), AC +8, large,
unfitting armour, (electricity resistance), (cold-blooded)
a: End Transformation, Renounce Religion, Recall Undead Harvest


You were on level 12 of the Dungeon.
You worshipped Yredelemnul.
Yredelemnul was aware of your devotion.
You were a creature of crystalline ice.
You visited 2 branches of the dungeon, and saw 13 of its levels.

You collected 814 gold pieces.

Inventory:

Missiles
 l - 15 poisoned darts
 n - 5 datura-tipped darts
 s - 5 javelins
 y - 7 curare-tipped darts
 J - a throwing net
 K - 2 boomerangs
Armour
 g - a scarf of repulsion (melded)
 u - a +1 pair of boots of rampaging (melded)
Jewellery
 i - the amulet "Qesa" (around neck) {RegenMP *Corrode Will++ Str+2 Int+4}
   (You found it on level 2 of the Dungeon)

   [amulet of magic regeneration]

   It increases your rate of magic regeneration.
   Str:       It affects your strength (+2).
   Int:       It affects your intelligence (+4).
   *Corrode:  It may corrode you when you take damage.
   Will:      It greatly increases your willpower.
 k - an amulet of the acrobat
 p - a ring of protection from fire (left front paw)
 B - a ring of protection from cold
 C - an amulet of regeneration
 E - a ring of positive energy
 H - an amulet of faith
Wands
 h - a wand of roots (15)
 t - a wand of digging (14)
 w - a wand of polymorph (16)
Scrolls
 c - 3 scrolls of teleportation
 r - 5 scrolls of fog
 v - 2 scrolls of amnesia
 x - a scroll of enchant armour
 F - a scroll of fear
 I - a scroll of blinking
Potions
 a - 4 potions of lignification
 b - 4 potions of mutation
 d - 2 potions of heal wounds {unknown}
 e - a potion of magic {unknown}
 f - 6 potions of curing
 j - a potion of might
 m - 3 potions of resistance
 o - a potion of flight {unknown}
 q - 3 potions of haste {unknown}
 z - a potion of brilliance {unknown}
 A - 2 potions of berserk rage
 D - a potion of cancellation {unknown}
 G - a potion of ambrosia {unknown}


   Skills:
 + Level 8.3 Fighting
 + Level 6.2 Dodging
 - Level 10.0 Unarmed Combat
 - Level 4.0 Spellcasting
 + Level 8.2 Transmutations
 - Level 4.0 Ice Magic
 + Level 8.3 Air Magic
 - Level 8.0 Invocations
 - Level 5.0 Evocations


You had 5 spell levels left.
You knew the following spells:

 Your Spells              Type           Power      Damage    Failure   Level
a - Ice Form              Ice/Tmut       28%        N/A       11%         4
b - Spider Form           Tmut/Pois      20%        N/A       7%          3
c - Storm Form            Tmut/Air       18%        N/A       98%         7

Your spell library contained the following spells:

 Spells                   Type           Power      Damage    Failure   Level
 Beastly Appendage        Tmut           74%        N/A       1%          1
 Wereblood                Tmut           37%        N/A       1%          2
 Ignite Poison            Fire/Tmut/Pois 15%        N/A       12%         3
 Mephitic Cloud           Conj/Pois/Air  15%        N/A       12%         3
 Blade Hands              Tmut           18%        N/A       12%         5
 Magic Dart               Conj           16%        1d3       13%         1
 Call Imp                 Summ           8%         N/A       19%         2
 Summon Lightning Spire   Summ/Air       20%        N/A       22%         4
 Portal Projectile        Hex/Tloc       8%         N/A       36%         3
 Tukima's Dance           Hex            4%         N/A       36%         3
 Volatile Blastmotes      Fire/Tloc      8%         2d10      36%         3
 Fulminant Prism          Conj/Hex       2%         3d5       77%         4
 Iskenderun's Mystic Bla  Conj/Tloc      4%         2d3       77%         4
 Sticky Flame             Conj/Fire      4%         2d3       77%         4
 Lee's Rapid Deconstruct  Erth           2%         3d4*      98%         5
 Ignition                 Fire           2%         3d3       100%        8
 Maxwell's Capacitive Co  Air            18%        ∞         100%        8


Dungeon Overview and Level Annotations

Branches:
Dungeon (12/15)            Temple (1/1) D:6            Lair (0/5) D:9
    Orc (0/2) D:10

Altars:
Ashenzari
Cheibriados
Dithmenos
Elyvilon
Fedhas
Gozag
Hepliaklqana
Kikubaaqudgha
Makhleb
Nemelex Xobeh
Okawaru
Qazlal
Ru
Sif Muna
Trog
Uskayaw
Vehumet
Wu Jian
Xom
Yredelemnul
Zin
The Shining One

Annotations:
D:4 3 runed translucent doors, Nattefrost's ghost, amateur MiBr
D:7 2 transporters, poire's ghost, novice DECj


Innate Abilities, Weirdness & Mutations

You are a creature of crystalline ice.
You have a powerful freezing melee attack.
You are amphibious.
Your maximum health is increased.
Your armour is entirely melded.
You are incapable of wielding weapons or throwing items.
((You can breathe wild blasts of lightning.))
((Your glossy black scales are hard. (AC +8)))
You cannot fit into any form of body armour.
((You are resistant to electric shocks. (rElec)))
((You are cold-blooded and may be slowed by cold attacks.))


Message History

The volley of spikes hits your slime creature zombie!
The large slime creature misses you.
You hit the large slime creature. You freeze the large slime creature.
The large slime creature is severely wounded.
You pummel the large slime creature!! You freeze the large slime creature.
The large slime creature is almost dead.
A volley of spikes appears from out of your range of vision.
The volley of spikes hits your slime creature zombie!!
The large slime creature hits you!
You pummel the large slime creature!! You freeze the large slime creature.
You kill the large slime creature!
The dead are walking!
You can now trade souls for undead servants.
The slime creature barely misses you.
Unknown command.
You punch the large slime creature! You freeze the large slime creature.
The large slime creature is severely wounded.
The large slime creature hits you. The slime creature hits you!
* * * LOW HITPOINT WARNING * * *
A volley of spikes appears from out of your range of vision.
The volley of spikes hits your slime creature zombie!
Your slime creature zombie hits the wraith!
There is a stone staircase leading down here.
The volley of spikes hits your slime creature zombie!!
Your slime creature zombie is destroyed!
The wraith hits your slime creature zombie!
The wraith drains your slime creature zombie's vigour!
Your slime creature zombie seems to slow down.
Your slime creature zombie hits the wraith!
The wraith is destroyed!
You can no longer trade souls for undead servants.
The large slime creature attacks as you move away!
The large slime creature completely misses you.
The large slime creature attacks as you move away!
The large slime creature hits you!!
* * * LOW HITPOINT WARNING * * *
The slime creature attacks as you move away!
The slime creature hits you.
You die...
Your body rises from the dead as a mindless zombie.

........######.##
............ZZ.ZZZ..
#.#.##..#..######Z## #
#.#.#...#..# #Z# . #.
#.....#.#..# #Z#
.###..#.####...###.#..######.#
.............................##
.............J.........Z...!...
............JY....#.##########
##..#####.>###.#.#.#
.##..............#.#.#
.........Z.......#.#.#
.##...##.........#.#.#
.................#.#.#
.##.####.........#.#.# ..
........##.#.#.# .#
...###...##.#


You could see a large slime creature (ally target), a slime creature and a
friendly slime creature zombie (slow).

Vanquished Creatures
  A boulder beetle (D:10)
  A two-headed ogre (D:11)
  Pikel (D:7)
  An ugly thing (D:11)
  A cyclops (D:11)
  2 gargoyles
  2 unseen horrors
  Maggie (D:7)
  A komodo dragon (D:12)
  3 trolls
  3 hornets
  Prince Ribbit (D:7)
  Grinder (D:3)
  6 slime creatures
  A spriggan (D:9)
  19 yaks
  A basilisk (D:11)
  Grum (D:9)
  2 wargs (D:9)
  Edmund (D:5)
  An acid dragon (D:9)
  3 water moccasins
  An orc warrior (D:7)
  2 ogres
  A wolf (D:9)
  2 centaurs
  A phantom (D:6)
  A kobold brigand (D:11)
  3 lemures (D:7)
  3 bullfrogs
  2 scorpions (D:5)
  8 wights
  6 killer bees
  4 howler monkeys
  2 hounds
  8 orc priests
  Crazy Yiuf (D:3)
  Jessica (D:2)
  Natasha (thrice) (D:2)
  3 iguanas
  9 orc wizards
  A gnoll (D:1)
  8 adders
  2 shadow imps (D:5)
  A white imp (D:6)
  An ufetubus (D:7)
  A worm (D:4)
  4 dart slugs
  22 orcs
  4 endoplasms
  A giant cockroach (D:3)
  6 goblins
  8 hobgoblins
  6 jackals (D:1)
  6 kobolds
  2 quokkas (D:3)
  9 ball pythons
  4 bats
  4 frilled lizards
  3 rats
208 creatures vanquished.

Vanquished Creatures (collateral kills)
  Erolcha (D:9)
  A two-headed ogre (D:10)
  Psyche (D:9)
  2 slime creatures (D:12)
  A wraith (D:12)
  A wyvern (D:8)
  8 yaks
  A warg (D:9)
  An ice beast (D:7)
  2 orc warriors (D:10)
  A wolf (D:9)
  2 centaurs
  A bullfrog (D:9)
  5 wights
  An orc priest (D:10)
  A sleepcap (D:6)
  6 orcs
  4 kobolds (D:11)
40 creatures vanquished.

Vanquished Creatures (others)
  A boulder beetle zombie (D:10)
  3 slime creature zombies (D:12)
  A warg zombie (D:9)
  A troll zombie (D:8)
  5 yak zombies
  A wolf zombie (D:9)
  An acid dragon zombie (D:9)
  3 killer bee zombies (D:7)
  An ogre zombie (D:7)
  A howler monkey zombie (D:8)
  9 orc zombies
  A kobold zombie (D:11)
28 creatures vanquished.

Grand Total: 276 creatures vanquished

Notes
Turn   | Place    | Note
-------+----------+-------------------------------------------
     0 | D:1      | MisterFreud the Draconian Transmuter began the quest for
                  | the Orb.
     0 | D:1      | Reached XP level 1. HP: 16/16 MP: 3/3
   181 | D:1      | Reached XP level 2. HP: 2/23 MP: 3/5
   831 | D:2      | Noticed Jessica
   843 | D:2      | Reached XP level 3. HP: 19/28 MP: 4/6
  1028 | D:1      | Learned a level 3 spell: Spider Form
  1037 | D:2      | Killed Jessica
  1073 | D:2      | Noticed Natasha
  1085 | D:2      | Killed Natasha
  1086 | D:2      | Reached XP level 4. HP: 24/35 MP: 4/7
  1091 | D:2      | Identified the amulet "Qesa" {RegenMP *Corrode Will++ Str+2
                  | Int+4}
  1347 | D:2      | Reached skill level 5 in Transmutations
  1509 | D:2      | Noticed Natasha
  1516 | D:2      | Killed Natasha
  1517 | D:2      | Reached XP level 5. HP: 41/41 MP: 8/8
  1583 | D:2      | Noticed Natasha
  1593 | D:2      | Killed Natasha
  2164 | D:3      | Reached skill level 4 in Unarmed Combat
  2173 | D:3      | Reached XP level 6. HP: 35/51 MP: 9/9
  2252 | D:3      | Found a shadowy altar of Dithmenos.
  2333 | D:3      | Found a sparkling altar of Nemelex Xobeh.
  2392 | D:3      | Noticed Grinder
  2432 | D:3      | Killed Grinder
  2433 | D:3      | Reached skill level 5 in Unarmed Combat
  2855 | D:3      | Found a runed translucent door.
  2856 | D:3      | Noticed Crazy Yiuf
  3087 | D:3      | Killed Crazy Yiuf
  3088 | D:3      | Your scales start taking on a glossy black colour.
  3088 | D:3      | Reached XP level 7. HP: 55/59 MP: 5/10
  3088 | D:3      | Gained mutation: You are resistant to electric shocks.
                  | (rElec) [Black Draconian growth]
  3459 | D:4      | Reached skill level 6 in Unarmed Combat
  3589 | D:4      | Noticed Nattefrost's ghost (amateur MiBr)
  3595 | D:4      | Found a runed translucent gate.
  3595 | D:4      | Found a runed translucent gate.
  3596 | D:4      | Found a runed translucent gate.
  3820 | D:5      | Entered Level 5 of the Dungeon
  3959 | D:5      | Found a shimmering altar of Xom.
  4139 | D:5      | Noticed Edmund
  4156 | D:5      | Killed Edmund
  4157 | D:5      | Reached XP level 8. HP: 46/66 MP: 11/11
  4299 | D:5      | Reached skill level 5 in Dodging
  4792 | D:6      | Learned a level 4 spell: Ice Form
  5012 | D:6      | Found a staircase to the Ecumenical Temple.
  5028 | Temple   | Entered the Ecumenical Temple
  5037 | Temple   | Became a worshipper of Yredelemnul the Dark
  5691 | D:7      | Noticed Pikel
  5800 | D:7      | Reached skill level 1 in Ice Magic
  5958 | D:7      | Killed Pikel
  5959 | D:7      | Reached XP level 9. HP: 46/71 MP: 12/12
  6016 | D:7      | Noticed Prince Ribbit
  6029 | D:7      | Killed Prince Ribbit
  6060 | D:7      | Noticed poire's ghost (novice DECj)
  6080 | D:7      | Noticed a moth of wrath
  6083 | D:7      | Found a bloodstained altar of Trog.
  6093 | D:7      | Noticed a troll
  6094 | D:7      | Found a transporter.
  6104 | D:7      | Reached * piety under Yredelemnul
  6218 | D:7      | Reached ** piety under Yredelemnul
  6219 | D:7      | Reached skill level 1 in Invocations
  6227 | D:7      | Reached *** piety under Yredelemnul
  6365 | D:7      | Found a transporter.
  6703 | D:7      | Noticed Maggie
  6722 | D:7      | Killed Maggie
  6929 | D:7      | Found a hide-covered altar of Uskayaw.
  7405 | D:8      | Reached skill level 5 in Invocations
  7668 | D:8      | Noticed a troll
  7677 | D:8      | Killed a troll
  7758 | D:8      | Reached XP level 10. HP: 38/78 MP: 16/16
  8132 | D:8      | Reached skill level 1 in Evocations
  8609 | D:8      | Identified a scroll of acquirement
  8609 | D:8      | Acquired a book of the Sky
  8619 | D:8      | Learned a level 7 spell: Storm Form
  8714 | D:9      | Noticed Grum
  8727 | D:9      | Killed Grum
  8728 | D:9      | Reached skill level 1 in Air Magic
  8800 | D:9      | Noticed Erolcha
  8816 | D:9      | Killed Erolcha
  9000 | D:9      | Found a staircase to the Lair.
  9017 | D:9      | HP: 3/96 [warg (14)]
  9256 | D:10     | Entered Level 10 of the Dungeon
  9365 | D:9      | Reached skill level 7 in Unarmed Combat
  9372 | D:9      | Reached skill level 5 in Fighting
  9943 | D:9      | Noticed Psyche
  9946 | D:9      | Reached XP level 11. HP: 88/88 MP: 15/17
  9951 | D:9      | Killed Psyche
 10353 | D:10     | Reached skill level 8 in Unarmed Combat
 10543 | D:10     | Reached skill level 5 in Evocations
 11271 | D:10     | Found a shimmering blue altar of Sif Muna.
 11271 | D:10     | Found a glowing silver altar of Zin.
 11274 | D:10     | Found a sacrificial altar of Ru.
 11312 | D:10     | Noticed a two-headed ogre
 11326 | D:10     | Killed a two-headed ogre
 11327 | D:10     | Reached skill level 5 in Air Magic
 11598 | D:10     | Noticed a boulder beetle
 11618 | D:10     | Killed a boulder beetle
 11619 | D:10     | Reached skill level 9 in Unarmed Combat
 11909 | D:10     | Found a staircase to the Orcish Mines.
 11922 | D:10     | Reached **** piety under Yredelemnul
 12873 | D:11     | Found a sacrificial altar of Ru.
 13191 | D:11     | Noticed a red ugly thing
 13204 | D:11     | Killed a red ugly thing
 13452 | D:11     | Reached skill level 10 in Unarmed Combat
 13959 | D:11     | Noticed a two-headed ogre
 13967 | D:11     | Killed a two-headed ogre
 14346 | D:12     | Reached XP level 12. HP: 101/101 MP: 18/18
 14927 | D:12     | HP: 2/122 [large slime creature (24)]
 14927 | D:12     | Slain by a slime creature

Illustrated notes

Levels and vault maps discovered:
D:1:      onia_arrival_mini_spirals, layout_basic, minmay_statues_item
D:2:      layout_loops_ring, amcnicky_mini_pool_small, dreamdust_wishing_well,
          uniq_jessica, uniq_natasha
D:3:      layout_loops_cross, mainiacjoe_overflow_boulevard,
          nemelex_xobeh_ov_fountains_minmay, minmay_starry_boxes, uniq_grinder,
          uniq_crazy_yiuf_cottage
D:4:      layout_basic, gammafunk_ghost_split, minmay_goblin_kobold_house
D:5:      layout_gridville, mainiacjoe_overflow_alcove_1, uniq_edmund
D:6:      layout_loops_ring, minmay_temple_entry_hall,
          wad_floor_pattern_untrapped
D:7:      layout_basic, nicolae_uskayaw_dance_hall,
          gammafunk_ghost_wrathful_warriors, nicolae_benzene_ring, uniq_maggie,
          uniq_prince_ribbit1, uniq_pikel
D:8:      layout_cave_pods
D:9:      layout_irregular_city, erik_lair_orcish_takeover, the_hattery,
          uniq_psyche, uniq_erolcha, uniq_grum
D:10:     layout_irregular_city, minitemple, minmay_orc_entry_temple_large,
          nzn_sisyphean_effort
D:11:     layout_stronghold, nicolae_ru_awakened_eye
D:12:     layout_basic, minmay_strange_pillars, kennysheep_generic_room_8
Temple:   nicolae_temple_no_exploring_needed

Skill      XL: |  1  2  3  4  5  6  7  8  9 10 11 12 |
---------------+-------------------------------------+-----
Transmutations | 3 4 5 7 8 |  8.2
Fighting       | 3 4 5 7 8 |  8.3
Unarmed Combat | 4 5 6 7 10 | 10.0
Dodging        | 4 6 |  6.2
Ice Magic      | 3 4 |  4.0
Invocations    | 6 8 |  8.0
Spellcasting   | 4 |  4.0
Evocations     | 4 5 |  5.0
Air Magic      | 3 7 8 |  8.3

Action                     |  1- 3 |  4- 6 |  7- 9 | 10-12 || total
---------------------------+-------+-------+-------+-------++-------
  Melee: Unarmed           |    86 |   151 |   307 |   303 ||   847
         Kick              |    13 |     1 |       |       ||    14
         Tailslap          |    11 |    10 |    12 |     1 ||    34
         Headbutt          |     5 |     1 |       |       ||     6
         Punch             |     1 |       |       |       ||     1
   Cast: Beastly Appendage |    10 |     1 |       |       ||    11
         Spider Form       |     2 |    13 |    26 |     8 ||    49
         Ice Form          |       |       |     8 |    29 ||    37
Ability: End Transformatio |       |       |     2 |     1 ||     3
         Breathe Lightning |       |       |     1 |       ||     1
  Evoke: Wand              |       |     1 |       |       ||     1
    Use: Scroll            |       |     3 |     9 |     7 ||    19
         Potion            |       |     1 |       |     2 ||     3
   Stab: Distracted        |       |       |     3 |     3 ||     6
 Armour: Skin              |    40 |    21 |    39 |    70 ||   170
  Dodge: Dodged            |    65 |   147 |   236 |   209 ||   657
         Repelled          |       |     1 |     1 |       ||     2
